[Event "Jiraskuv memorial B"]
[Site "Rakovnik"]
[Date "????.??.??"]
[Round "1"]
[White "Hajek, Jiri"]
[Black "Holy, Filip"]
[Result "1/2-1/2"]
[ECO "B13"]
[WhiteElo "1825"]
[BlackElo "1609"]
[Annotator "Lev,Pavel"]
[PlyCount "99"]
[EventDate "2012.08.??"]
[EventType "swiss"]
[EventRounds "9"]
[EventCountry "CZE"]
[TimeControl "40/7200:20/3600:1800"]

{245MB, Fritz8.ctg  Holländische Verteidigung   Défense hollandaise  Defensa
Holandesa  Hollandse Verdediging} 1. e4 c6 2. d4 d5 3. exd5 cxd5 4. Bd3 Nf6 5.
Nf3 Bg4 6. c3 Nc6 7. Bf4 Rc8 8. Nbd2 Qb6 9. Qb1 e6 10. O-O Be7 11. Re1 Bh5 12.
Ne5 Nxe5 13. Bxe5 Bg6 14. Bxg6 hxg6 15. h3 Bd6 16. Bxf6 gxf6 17. Re2 Bb8 18.
Nf3 Qd6 19. Qd3 Kf8 20. b3 Rh5 21. Kf1 e5 22. Ng1 e4 23. Qd2 Qc6 24. c4 dxc4
25. Qb4+ Bd6 26. Qxc4 Qxc4 27. bxc4 Rxc4 28. Rxe4 f5 29. Re2 Rxd4 30. Nf3 Re4
31. Rd2 Bb4 32. Rd7 Re7 33. Rad1 b6 34. Rd8+ Re8 35. R8d7 Re7 36. Rxe7 Kxe7 37.
Nd4 a5 38. Nc6+ Ke6 39. Nxb4 axb4 40. Rd4 Rh8 41. Rxb4 Re8 42. Ke2 Kd5+ 43. Kd3
Ra8 44. a4 Kc5 45. Rc4+ Kd5 46. Kc3 Ra7 47. Rb4 Rc7+ 48. Kb3 Rc1 49. Kb2 Rc6
50. Kb3 1/2-1/2

[Event "Jiraskuv memorial B"]
[Site "Rakovnik"]
[Date "????.??.??"]
[Round "1"]
[White "Hejda, Vaclav"]
[Black "Mitosinka, Boris"]
[Result "1/2-1/2"]
[ECO "C01"]
[WhiteElo "1820"]
[BlackElo "1563"]
[Annotator "Lev,Pavel"]
[PlyCount "86"]
[EventDate "2012.08.??"]
[EventType "swiss"]
[EventRounds "9"]
[EventCountry "CZE"]
[TimeControl "40/7200:20/3600:1800"]

{245MB, Fritz8.ctg  Holländische Verteidigung   Défense hollandaise  Defensa
Holandesa  Hollandse Verdediging} 1. e4 e6 2. d4 d5 3. exd5 exd5 4. Nc3 c6 5.
Nf3 Bd6 6. Be2 Ne7 7. O-O O-O 8. Be3 Re8 9. Qd2 Nd7 10. a3 Nf8 11. Rfe1 Bf5 12.
Bd3 Bxd3 13. Qxd3 Qc7 14. Re2 Neg6 15. g3 Re7 16. Rae1 Rae8 17. Kg2 h6 18. Ng1
Nh7 19. Nh3 Nf6 20. Bc1 Rxe2 21. Rxe2 Rxe2 22. Nxe2 Qe7 23. Bf4 Bxf4 24. Nhxf4
Nxf4+ 25. Nxf4 Qe4+ 26. f3 Qxd3 27. Nxd3 Nd7 28. Kf2 f6 29. Ke3 Kf7 30. Nc5
Nxc5 31. dxc5 Ke6 32. Kd4 Kf5 33. a4 g5 34. b4 h5 35. b5 h4 36. a5 a6 37. bxa6
bxa6 38. c3 h3 39. Ke3 Ke5 40. Kd3 Kf5 41. Kd4 Ke6 42. Kd3 Kf5 43. Kd4 Ke6
1/2-1/2

[Event "Jiraskuv memorial B"]
[Site "Rakovnik"]
[Date "????.??.??"]
[Round "1"]
[White "Zika, Vaclav"]
[Black "Pribylova, Sofie"]
[Result "1-0"]
[ECO "D95"]
[WhiteElo "1749"]
[BlackElo "1374"]
[Annotator "Lev,Pavel"]
[PlyCount "97"]
[EventDate "2012.08.??"]
[EventType "swiss"]
[EventRounds "9"]
[EventCountry "CZE"]
[TimeControl "40/7200:20/3600:1800"]

{245MB, Fritz8.ctg  Holländische Verteidigung   Défense hollandaise  Defensa
Holandesa  Hollandse Verdediging} 1. d4 Nf6 2. c4 g6 3. Nc3 d5 4. Nf3 Bg7 5. e3
O-O 6. Qb3 Nbd7 7. cxd5 Nb6 8. Bd3 Nfxd5 9. Bd2 Nxc3 10. bxc3 c5 11. Be2 Be6
12. Qd1 Nc4 13. O-O Nxd2 14. Qxd2 cxd4 15. cxd4 Rc8 16. Rfc1 Bf5 17. h3 h5 18.
Qb2 Be4 19. Nd2 Bc6 20. Bf3 Bxf3 21. Nxf3 b6 22. Rxc8 Qxc8 23. Rc1 Qb7 24. Qc2
e6 25. Qc7 Qa6 26. Qd7 Qxa2 27. Rc7 a6 28. Rb7 b5 29. Ra7 Qb1+ 30. Kh2 b4 31.
Rxa6 b3 32. Rb6 Qc2 33. Qb7 Qxf2 34. Rxb3 Bh6 35. Qe4 Rc8 36. Ne5 Rc1 37. Qf3
Qg1+ 38. Kg3 h4+ 39. Kxh4 Qe1+ 40. g3 Rc7 41. Ng4 Bf8 42. Nf6+ Kh8 43. Rb8 g5+
44. Kxg5 Qa5+ 45. Kh4 Qa3 46. Qh5+ Kg7 47. Ne8+ Kg8 48. Nxc7 Qe7+ 49. Qg5+ 1-0

[Event "Jiraskuv memorial B"]
[Site "Rakovnik"]
[Date "????.??.??"]
[Round "1"]
[White "Zacek, Petr"]
[Black "Srkal, Miroslav"]
[Result "1-0"]
[ECO "B51"]
[WhiteElo "1568"]
[BlackElo "1822"]
[Annotator "Lev,Pavel"]
[PlyCount "48"]
[EventDate "2012.08.??"]
[EventType "swiss"]
[EventRounds "9"]
[EventCountry "CZE"]
[TimeControl "40/7200:20/3600:1800"]

{245MB, Fritz8.ctg  Holländische Verteidigung   Défense hollandaise  Defensa
Holandesa  Hollandse Verdediging} 1. e4 {0} c5 2. Nf3 Nc6 3. Bb5 d6 4. O-O e5
5. c3 a6 6. Bxc6+ bxc6 7. d4 Bg4 8. dxe5 Bxf3 9. Qxf3 dxe5 10. Nd2 $11 Ne7 11.
Nc4 Ng6 12. Be3 Qf6 13. Qxf6 gxf6 14. Rad1 Rd8 15. Rd2 Rxd2 16. Nxd2 Kd7 17.
Rd1 Kc7 18. Nb3 Kb6 19. Rd7 Kb5 20. Rxf7 Be7 21. Nd2 a5 22. b3 a4 23. g3 h5 24.
Rg7 Nf4 1-0

[Event "Jiraskuv memorial B"]
[Site "Rakovnik"]
[Date "????.??.??"]
[Round "1"]
[White "Verner, Jaromir"]
[Black "Bauer, Ondrej"]
[Result "0-1"]
[ECO "C19"]
[WhiteElo "1368"]
[BlackElo "1745"]
[Annotator "Lev,Pavel"]
[PlyCount "64"]
[EventDate "2012.08.??"]
[EventType "swiss"]
[EventRounds "9"]
[EventCountry "CZE"]
[TimeControl "40/7200:20/3600:1800"]

{245MB, Fritz8.ctg  Holländische Verteidigung   Défense hollandaise  Defensa
Holandesa  Hollandse Verdediging} 1. e4 e6 2. d4 d5 3. Nc3 Bb4 4. e5 c5 5. a3
Bxc3+ 6. bxc3 Qc7 7. Nf3 Ne7 8. dxc5 Qxc5 9. Qd4 Qxd4 10. cxd4 Nbc6 11. Bb5 O-O
12. Bxc6 Nxc6 13. Bd2 b6 14. O-O Ba6 15. Rfc1 Rfc8 16. c3 Na5 17. Rab1 Nc4 18.
Rb3 Na5 19. Rb4 Be2 20. Ne1 Nc4 21. Be3 Nxa3 22. f3 Nb5 23. c4 Rxc4 24. Rcxc4
Bxc4 25. Bg5 Nxd4 26. Be7 Nc6 27. Bd6 Nxb4 28. Bxb4 a5 29. Ba3 b5 30. Bd6 b4
31. Nc2 b3 32. Na3 b2 0-1

[Event "Jiraskuv memorial B"]
[Site "Rakovnik"]
[Date "????.??.??"]
[Round "1"]
[White "Truksa, Martin"]
[Black "Abraham, Karel"]
[Result "0-1"]
[ECO "A08"]
[WhiteElo "1432"]
[BlackElo "1791"]
[Annotator "Lev,Pavel"]
[PlyCount "78"]
[EventDate "2012.08.??"]
[EventType "swiss"]
[EventRounds "9"]
[EventCountry "CZE"]
[TimeControl "40/7200:20/3600:1800"]

{245MB, Fritz8.ctg  Holländische Verteidigung   Défense hollandaise  Defensa
Holandesa  Hollandse Verdediging} 1. Nf3 Nf6 2. g3 g6 3. Bg2 Bg7 4. O-O d5 5.
d3 c5 6. Nbd2 O-O 7. b3 Ne4 8. Rb1 Nc3 9. Qe1 Nxb1 10. Nxb1 Nc6 11. a3 Bf5 12.
e4 dxe4 13. dxe4 Bg4 14. Nbd2 Qd7 15. Nc4 Bxf3 16. Bxf3 Nd4 17. Qd1 Nxf3+ 18.
Qxf3 Rad8 19. Be3 b5 20. Na5 Qc7 21. b4 cxb4 22. axb4 Qc3 23. Rc1 Rd2 24. Nb3
Rxc2 25. Rxc2 Qxc2 26. Bxa7 Rd8 27. Nc5 Rd1+ 28. Kg2 Bd4 29. Qf4 e5 30. Qg4
Qxf2+ 31. Kh3 Rh1 32. Qc8+ Kg7 33. Ne6+ fxe6 34. Qd7+ Qf7 35. Qxf7+ Kxf7 36.
Bb8 Rb1 37. Bd6 Bc3 38. Kg4 Rxb4 39. Bxb4 Bxb4 0-1